 Dungeon Crawl Stone Soup version 0.19.1-1-g22dce08 (webtiles) character file.

438 theAP the Skirmisher (level 7, -11/44 HPs)
             Began as a Gargoyle Fighter on Jan 3, 2017.
             Mangled by an ogre
             ... wielding a +0 giant club
              (21 damage)
             ... on level 4 of the Dungeon.
             The game lasted 00:05:07 (2751 turns).

theAP the Skirmisher (Gargoyle Fighter)             Turns: 2751, Time: 00:05:07

Health: -11/44     AC: 11    Str: 22    XL:     7   Next: 1%
Magic:  7/7        EV:  7    Int:  8    God:
Gold:   118        SH:  9    Dex:  9    Spells: 0 memorised, 6 levels left

rFire  + . .     SeeInvis .     a - +0 flail
rCold  x . .     Gourm    .     b - +0 scale mail
rNeg   + . .     Faith    .     c - +0 shield
rPois  ∞         Spirit   .     (no helmet)
rElec  +         Reflect  .     (no cloak)
rCorr  .         Harm     .     (no gloves)
MR     .....                    (no boots)
Stlth  +.........               (no amulet)
                                (no ring)
                                n - ring of fire

@: no status effects
A: negative energy resistance 1, electricity resistance, unbreathing,
petrification resistance, rot immunity, AC +4
a: no special abilities


You were on level 4 of the Dungeon.
You were not hungry.

You visited 1 branch of the dungeon, and saw 4 of its levels.

You collected 118 gold pieces.

Inventory:

Hand Weapons
 a - a +0 flail (weapon)
Armour
 b - a +0 scale mail (worn)
 c - a +0 shield (worn)
Jewellery
 n - a ring of fire (left hand)
Wands
 t - a wand of disintegration (9/24)
Scrolls
 g - a scroll of amnesia {unknown}
 h - a scroll of enchant armour {unknown}
 j - a scroll of recharging {unknown}
 m - 4 scrolls of immolation {unknown}
 p - a scroll of remove curse {unknown}
 q - a scroll of noise {unknown}
Potions
 d - 3 potions of might
 e - a potion of flight {unknown}
 i - a potion of invisibility {unknown}
 k - a potion of agility {unknown}
 s - a potion of curing {unknown}
Comestibles
 f - 3 bread rations
 l - 3 meat rations
 o - 6 fruits
 r - a royal jelly


   Skills:
 + Level 5.5 Fighting
 + Level 4.2 Maces & Flails
 - Level 3.4 Armour
 + Level 4.4 Stealth
 - Level 3.4 Shields


You had 6 spell levels left.
You didn't know any spells.

Dungeon Overview and Level Annotations

Branches:
Dungeon (4/15)
 Temple: D:4-7

Altars:
Fedhas


Innate Abilities, Weirdness & Mutations

You are resistant to torment.
Your stone body is resilient. (AC +4)
You are immune to poison.
You resist negative energy. (rN+)
You are resistant to electric shocks. (rElec)
You can survive without breathing.
You are immune to petrification.
You are immune to rotting.


Message History

You are too injured to fight recklessly!
You are too injured to fight recklessly!
You are too injured to fight recklessly!
You are too injured to fight recklessly!
The ogre hits you with a giant club.
* * * LOW HITPOINT WARNING * * *
You are too injured to fight recklessly!
You are too injured to fight recklessly!
You are too injured to fight recklessly!
You are too injured to fight recklessly!
You are too injured to fight recklessly!
Your shield and scale mail prevent you from hitting the ogre.
The ogre completely misses you.
You hit the ogre.
The ogre is lightly wounded.
You block the ogre's attack.
You thump the ogre!
The ogre is severely wounded.
The ogre hits you with a giant club!!
You die...

##########
#........#
##########........#
.........#........#
.........#........#
.........O.......#
........@####...##
###.#...## .#
##.#...#
######^.#.#.###
#.............#
#..........##...#
#...<..†...# #.##
#..........# .#
#..........# #


You could see an ogre.

Vanquished Creatures
  Grinder (D:3)
  An orc priest (D:3)
  An iguana (D:4)
  Natasha (thrice) (D:3)
  4 adders
  2 dart slugs
  A leopard gecko (D:1)
  4 orcs (D:3)
  3 ball pythons
  2 giant cockroaches (D:1)
  3 goblins
  11 hobgoblins
  6 kobolds
  7 bats
  6 frilled lizards
  A leopard gecko skeleton (D:4)
  6 rats
62 creatures vanquished.

Notes
Turn   | Place    | Note
-------+----------+-------------------------------------------
     0 | D:1      | theAP the Gargoyle Fighter began the quest for the Orb.
     0 | D:1      | Reached XP level 1. HP: 14/14 MP: 1/1
    96 | D:1      | Reached XP level 2. HP: 18/19 MP: 2/2
   603 | D:1      | Reached XP level 3. HP: 18/24 MP: 3/3
   609 | D:1      | Reached skill level 1 in Stealth
   927 | D:2      | Reached skill level 4 in Fighting
  1079 | D:2      | Reached XP level 4. HP: 26/29 MP: 4/4
  1989 | D:3      | Noticed Grinder
  1991 | D:3      | Noticed Natasha
  1996 | D:3      | Paralysed by Grinder for 7 turns
  2011 | D:3      | Killed Natasha
  2018 | D:3      | Paralysed by Grinder for 5 turns
  2023 | D:3      | Killed Grinder
  2023 | D:3      | Reached skill level 5 in Fighting
  2023 | D:3      | Reached XP level 5. HP: 2/35 MP: 5/5
  2023 | D:3      | Reached XP level 6. HP: 2/40 MP: 6/6
  2413 | D:3      | Found a blossoming altar of Fedhas.
  2469 | D:3      | Noticed Natasha
  2475 | D:3      | Killed Natasha
  2528 | D:3      | Noticed Natasha
  2538 | D:3      | Killed Natasha
  2733 | D:4      | Reached XP level 7. HP: 33/44 MP: 7/7
  2751 | D:4      | Mangled by an ogre

Skill      XL: |  1  2  3  4  5  6 |
---------------+-------------------+-----
Stealth        | 1 3 4 |  4.4
Fighting       | 4 5 |  5.5
Maces & Flails | 4 |  4.2
Armour         | |  3.4
Shields        | |  3.4

Action                   |  1- 3 |  4- 6 |  7- 9 || total
-------------------------+-------+-------+-------++-------
Melee: Flail             |   135 |    97 |     5 ||   237
  Use: Potion            |       |     1 |       ||     1
  Eat: Meat ration       |       |     1 |       ||     1
       Chunk             |       |     1 |       ||     1
Armor: Scale mail        |    65 |    44 |       ||   109
Dodge: Dodged            |    46 |    30 |     1 ||    77
Block: Shield            |    67 |    56 |     3 ||   126
